Map: Seeds of Aiur

Players

Marine - Winner!

  • Race: Terran Terran
  • Spawn Location: 7:00

GRALNALDO - Winner!

  • Race: Zerg Zerg
  • Spawn Location: 7:00

ILIEKEGGPIE

  • Race: Protoss Protoss
  • League: Platinum
  • Spawn Location: 1:00

sasha

  • Race: Protoss Protoss
  • Spawn Location: 1:00

VOD

Have the link to the VOD?

Description

Time

  • Played on: April 20, 2018, 6:02 p.m.
  • Length: 15:10
Show
View Real Time Build Order
Export as new Build Order

Marine Terran - Winner!

Build Orders:  

Get SALT Encoding   

  12  0:01  SCV  
  13  0:18  Supply Depot, SCV  
  14  0:25  Refinery  
  14  0:30  SCV  
  15  0:46  Barracks  
  15  0:47  SCV  
  16  0:56  Refinery  
  16  0:59  SCV  
  17  1:14  SCV  
  18  1:26  SCV  
  19  1:35  Reaper  
  19  1:39  Supply Depot  
  20  1:43  SCV  
  21  1:55  SCV  
  21  1:56  Factory  
  22  2:07  Reaper, SCV  
  24  2:09  Supply Depot  
  24  2:19  SCV  
  25  2:31  SCV  
  26  2:43  Starport  
  26  2:53  Supply Depot  
  26  3:11  Supply Depot  
  26  3:13  Hellion  
  26  3:14  Marine  
  29  3:31  Marine  
  30  3:37  Hellion  
  32  3:49  Marine  
  32  3:54  Medivac  
  35  3:59  Hellion  
  37  4:07  Marine  
  35  4:25  Marine  
  36  4:39  Command Center  
  36  4:43  Marine  
  37  5:25  Medivac  
  37  5:28  Factory Tech Lab  
  39  5:29  Barracks Tech Lab  
  39  5:35  SCV  
  40  5:47  Supply Depot  
  40  5:54  SCV  
  41  6:02  Siege Tank  
  44  6:06  SCV  
  44  6:08  Marine  
  46  6:18  SCV  
  47  6:19  Engineering Bay, Supply Depot  
  47  6:23  Orbital Command  
  47  6:26  Marine  
  47  6:27  Liberator  
  49  6:32  SCV  
  49  6:41  Combat Shields  
  49  6:44  Marauder  
  49  6:45  Armory, SCV  
  55  6:55  Supply Depot  
  55  6:57  SCV  
  56  7:05  Marine  
  57  7:09  SCV  
  54  7:24  Marine  
  42  7:42  Marine  
  43  7:48  Siege Tank  
  46  8:00  Marine  
  47  8:06  Barracks  
  47  8:18  Marine  
  48  8:20  Siege Tank  
  48  8:23  Liberator  
  51  8:36  Marine  
  55  8:49  Terran Infantry Weapons Level 1  
  55  8:51  Terran Vehicle And Ship Armor Level 1  
  55  8:54  Marine  
  56  9:00  Fusion Core, SCV  
  54  9:14  Marine x2  
  55  9:21  Liberator  
  56  9:43  Barracks Reactor  
  60  9:45  Marauder  
  60  9:48  Stimpack  
  60  9:49  Thor  
  66  9:56  Supply Depot  
  66  9:59  Supply Depot  
  68  10:07  Marauder, SCV  
  68  10:11  Refinery  
  69  10:19  SCV  
  69  10:21  Liberator  
  72  10:28  Marauder  
  72  10:31  SCV  
  72  10:32  Siege Tank  
  79  10:45  Marine x2  
  79  10:49  Marauder  
  83  10:56  Supply Depot  
  83  11:01  SCV  
  83  11:03  Marine x2  
  86  11:04  Refinery  
  86  11:05  Siege Tank  
  86  11:10  Command Center  
  86  11:11  Marauder  
  91  11:13  SCV  
  92  11:21  Medivac, Marine x2  
  96  11:34  SCV  
  96  11:39  Marine x2  
  99  11:45  Missile Turret  
  99  11:51  SCV  
  100  12:05  Missile Turret  
  100  12:11  Starport Tech Lab  
  100  12:28  Terran Infantry Armor Level 1  
  100  12:30  Terran Vehicle Weapons Level 1  
  100  12:32  Supply Depot  
  100  12:57  Supply Depot  
  100  13:19  Supply Depot  
  100  13:42  Supply Depot  
  100  14:06  Supply Depot  
  100  14:08  Marine  
  101  14:13  Marine x2  
  103  14:23  Refinery, SCV  
  104  14:26  Marine  
  104  14:27  Orbital Command  
  104  14:28  Supply Depot  
  105  14:31  Marine x2  
  105  14:36  SCV  
  108  14:44  Marine  
  109  14:48  SCV  
  109  14:49  Marine x2  
  109  14:50  Refinery  
Show
View Real Time Build Order
Export as new Build Order

GRALNALDO Zerg - Winner!

Build Orders: Pool First 

Get SALT Encoding   

  12  0:04  Drone  
  13  0:18  Drone  
  14  0:28  Spawning Pool  
  13  0:35  Drone  
  14  0:41  Overlord  
  14  0:58  Extractor  
  14  1:02  Drone x3  
  16  1:12  Extractor  
  16  1:16  Zergling x2  
  16  1:18  Queen  
  18  1:30  Drone  
  19  1:42  Overlord  
  19  1:53  Drone  
  20  2:08  Lair  
  20  2:24  Hatchery  
  20  2:37  Drone x4  
  20  2:38  Drone  
  20  2:41  Drone  
  25  3:02  Drone  
  25  3:03  Drone x3  
  29  3:18  Spire  
  28  3:25  Overlord x2  
  28  3:47  Zergling x6  
  28  3:48  Zergling x2  
  32  4:00  Spine Crawler  
  32  4:02  Spine Crawler  
  30  4:06  Zergling x8  
  33  4:28  Queen  
  33  4:31  Drone x3  
  35  4:57  Zerg Flyer Weapons Level 1  
  35  5:01  Drone x4  
  35  5:02  Drone  
  40  5:08  Extractor  
  40  5:10  Extractor  
  40  5:12  Overlord x3  
  38  5:25  Drone x4  
  42  5:34  Hatchery  
  41  5:59  Drone x5  
  41  6:01  Hatchery  
  41  6:02  Extractor  
  44  6:05  Extractor  
  44  6:11  Drone x5  
  48  6:29  Drone x3  
  48  6:30  Drone x2  
  53  6:48  Mutalisk x3  
  53  6:49  Mutalisk x3  
  65  6:55  Queen  
  67  7:02  Drone x2  
  67  7:03  Drone x4  
  73  7:09  Spore Crawler  
  73  7:10  Spore Crawler  
  71  7:18  Spine Crawler  
  71  7:20  Spine Crawler  
  69  7:24  Mutalisk x2  
  71  8:07  Zerg Flyer Armor Level 1  
  72  8:12  Drone  
  72  8:13  Drone x2  
  74  8:20  Overlord x5  
  74  8:23  Pneumatized Carapace  
  74  8:36  Mutalisk  
  74  8:37  Mutalisk x2  
  74  8:38  Mutalisk x3  
  74  8:39  Mutalisk x3  
  74  8:40  Mutalisk x3  
  74  8:41  Mutalisk  
  98  8:46  Drone x3  
  103  8:56  Spire  
  102  9:11  Overlord x3  
  91  10:26  Drone x3  
  94  10:34  Zerg Flyer Weapons Level 2  
  94  10:35  Zerg Flyer Armor Level 2  
  94  10:38  Mutalisk x5  
  94  10:39  Mutalisk x5  
  94  10:41  Mutalisk x2  
  118  11:00  Infestation Pit, Metabolic Boost  
  117  11:28  Mutalisk x3  
  117  11:29  Mutalisk x2  
  127  11:43  Hatchery  
  127  11:45  Extractor  
  127  11:46  Extractor  
  124  11:49  Hive  
  124  12:09  Overlord x5  
  108  13:29  Drone x3  
  111  13:55  Overlord x5  
  111  13:58  Overseer  
  111  13:59  Overseer x5  
  111  14:13  Mutalisk x2  
  111  14:14  Mutalisk x6  
  111  14:15  Mutalisk  
  111  14:16  Mutalisk  
  111  14:17  Mutalisk x5  
  129  14:19  Mutalisk  
Show
View Real Time Build Order
Export as new Build Order

ILIEKEGGPIE Protoss 

Build Orders:  

Get SALT Encoding   

  12  0:01  Probe  
  13  0:13  Probe  
  14  0:24  Pylon  
  14  0:25  Probe  
  16  0:42  Probe  
  16  0:52  Gateway  
  16  0:53  Gateway  
  16  1:00  Probe  
  17  1:05  Assimilator  
  17  1:08  Probe  
  18  1:20  Probe  
  18  1:24  Assimilator  
  19  1:30  Probe  
  19  1:37  Pylon  
  19  1:38  Probe  
  20  1:46  Cybernetics Core  
  20  2:04  Gateway  
  20  2:08  Gateway  
  20  2:11  Zealot  
  20  2:15  Probe  
  23  2:27  Probe  
  23  2:28  Warp Gate  
  24  2:30  Gateway  
  24  2:39  Probe  
  25  2:51  Probe  
  25  2:56  Adept  
  30  3:03  Probe  
  29  3:08  Pylon  
  29  3:20  Nexus  
  23  3:50  Adept  
  25  3:58  Adept x2  
  29  4:15  Adept  
  31  4:51  Probe x2  
  33  4:58  Twilight Council  
  33  5:01  Probe, Forge  
  33  5:03  Probe  
  33  5:04  Sentry x2, Gateway  
  39  5:13  Protoss Ground Weapons Level 1  
  39  5:15  Probe  
  39  5:19  Probe  
  40  5:26  Resonating Glaives  
  40  5:27  Probe  
  42  5:31  Probe  
  43  5:44  Probe x2  
  45  5:56  Probe x2  
  47  6:04  Adept x2  
  47  6:05  Sentry  
  47  6:08  Probe  
  47  6:11  Pylon  
  54  6:15  Pylon  
  54  6:29  Probe  
  55  6:41  Probe  
  55  6:42  Assimilator  
  55  6:46  Assimilator  
  56  6:48  Phoenix  
  56  6:49  Pylon  
  56  6:51  Pylon  
  56  7:24  Pylon  
  48  7:50  Stalker x2  
  48  7:51  Stalker x3  
  58  7:53  Blink  
  56  8:07  Photon Cannon  
  56  8:10  Photon Cannon  
  56  8:11  Photon Cannon  
  56  8:14  Photon Cannon  
  56  8:15  Stalker x3  
  56  8:16  Stalker  
  56  8:17  Stalker, Photon Cannon  
  66  8:40  Stalker x3  
  72  8:41  Sentry  
  72  8:44  Sentry  
  72  8:47  Protoss Ground Weapons Level 2  
  76  8:52  Pylon  
  76  9:04  Sentry  
  76  9:05  Adept x2  
  58  9:32  Stalker x2  
  35  10:06  Stalker  
  35  10:07  Stalker x3  
  37  10:08  Stalker  
  43  10:49  Stalker x3  
  49  10:50  Stalker x2  
  53  11:07  Templar Archives  
  53  11:08  Pylon  
  53  11:35  Nexus  
  53  11:36  Protoss Ground Weapons Level 3  
  53  11:57  Pylon  
  53  12:14  High Templar  
  53  12:15  High Templar x2  
  59  12:16  High Templar  
  61  12:27  Gateway  
  61  12:34  Archon x2  
  61  12:35  Gateway  
  61  12:37  Gateway  
  61  12:52  Stalker x3  
  61  12:53  High Templar  
  61  12:54  High Templar  
  61  12:57  Archon  
  69  13:22  Stalker x3  
  69  13:26  High Templar x2  
  79  13:49  Archon  
  79  14:12  Nexus  
  79  14:16  Pylon  
  79  14:18  Pylon  
Show
View Real Time Build Order
Export as new Build Order

sasha Protoss 

Build Orders:  

Get SALT Encoding   

  12  0:36  Pylon  
  12  0:40  Probe  
  13  0:54  Probe  
  14  0:57  Pylon  
  14  1:06  Probe  
  15  1:18  Gateway  
  15  1:20  Gateway  
  15  1:25  Gateway  
  15  1:33  Probe  
  16  1:49  Pylon  
  16  2:03  Probe  
  17  2:15  Probe  
  18  2:19  Zealot x2  
  18  2:22  Zealot  
  24  2:35  Probe  
  25  2:37  Zealot  
  25  2:42  Zealot  
  25  2:43  Zealot  
  31  3:04  Pylon  
  31  3:07  Assimilator  
  31  3:12  Pylon  
  31  3:22  Zealot  
  31  3:23  Zealot  
  31  3:24  Pylon  
  35  3:35  Forge  
  35  3:46  Zealot  
  37  3:50  Probe  
  34  4:23  Zealot x3  
  32  4:31  Photon Cannon  
  32  4:34  Photon Cannon  
  32  4:45  Photon Cannon  
  30  4:47  Photon Cannon  
  30  4:50  Zealot x3  
  28  5:14  Photon Cannon  
  28  5:17  Pylon  
  25  5:34  Zealot x2  
  31  5:35  Zealot  
  31  5:38  Pylon  
  31  5:47  Photon Cannon  
  31  5:49  Probe  
  32  5:55  Assimilator  
  32  6:01  Probe  
  33  6:08  Cybernetics Core  
  33  6:18  Probe  
  34  6:30  Probe  
  34  6:32  Photon Cannon  
  35  6:43  Probe  
  36  6:55  Probe  
  36  6:56  Pylon  
  37  7:04  Photon Cannon  
  25  7:24  Stalker x2  
  25  7:25  Stalker  
  31  7:37  Photon Cannon  
  31  7:48  Stalker  
  33  8:16  Zealot x2  
  33  8:18  Zealot  
  35  8:48  Nexus  
  35  9:37  Pylon  
  35  9:43  Pylon  
  35  9:44  Pylon  
  35  9:45  Stalker x3  
  41  9:59  Pylon  
  39  10:15  Stalker  
  40  10:57  Photon Cannon x2  
  40  11:07  Stargate  
  40  11:11  Stargate  
  40  11:12  Stargate  
  38  11:47  Nexus  
  38  11:53  Pylon  
  38  11:57  Pylon  
  3  13:53  Phoenix  
  3  13:54  Phoenix  
  7  14:18  Phoenix  
  7  14:24  Phoenix  
  11  14:43  Phoenix  
Tags
 
Add a new tag
Caveats
  • Supply blocks, unpowered buildings, or Contaminate may cause inaccurate times.
  • Supply counts are checked every 10 seconds.